 Dungeon Crawl Stone Soup version 0.19-a0-1007-g133f65f (webtiles) character file.

2744 mistymad the Covert (level 9, 0/46 HPs)
             Began as a Spriggan Assassin on July 21, 2016.
             Was an Initiate of Gozag.
             Killed from afar by an electric eel (6 damage)
             ... with a bolt of electricity
             ... on level 8 of the Dungeon.
             The game lasted 00:39:13 (6604 turns).

mistymad the Covert (Spriggan Assassin)             Turns: 6604, Time: 00:39:14

Health: 0/46       AC:  4    Str: 10    XL:     9   Next: 41%
Magic:  10/10      EV: 24    Int: 12    God:    Gozag
Gold:   340        SH:  0    Dex: 18    Spells: 0 memorised, 8 levels left

rFire  . . .     SeeInvis +     y - +2 dagger (venom)
rCold  . . .     Gourm    .     c - +0 robe
rNeg   . . .     Faith    .     (shield restricted)
rPois  .         Spirit   .     (helmet restricted)
rElec  .         Dismiss  .     d - +1 cloak
rCorr  .         Reflect  .     (gloves unavailable)
SustAt .         Harm     .     (boots unavailable)
MR     +....                    (no amulet)
Stlth  ++++++....               (no ring)
                                (no ring)

@: gold aura, very quick, somewhat resistant to hostile enchantments, very
stealthy
A: unfitting armour, see invisible, herbivore 3, speed 3, slow metabolism 2
a: Potion Petition, Call Merchant, Bribe Branch, Renounce Religion


You were on level 8 of the Dungeon.
You worshipped Gozag.
Gozag was aware of your devotion.
You were near starving.

You visited 2 branches of the dungeon, and saw 9 of its levels.

You collected 598 gold pieces.
You spent 120 gold pieces at shops.
You paid 138 gold pieces to Gozag.

Inventory:

Hand Weapons
 b - a +0 blowgun
 y - a +2 dagger of venom (weapon)
Missiles
 e - 12 poisoned needles
 f - a curare-tipped needle
Armour
 c - a +0 robe (worn)
 d - a +1 cloak (worn)
Wands
 a - a wand of polymorph (13/24)
 i - a wand of iceblast (7/15)
 l - a wand of random effects (32/48)
 q - a wand of confusion (17/48)
Scrolls
 h - 5 scrolls of identify
 j - 3 scrolls of teleportation
 m - 2 scrolls of amnesia
 n - a scroll of fog
 s - a scroll of enchant armour
 D - a scroll of fear
Potions
 k - a potion of might
 r - a potion of lignification
 t - a potion of cure mutation
 z - a potion of mutation
 A - a potion of invisibility
 B - 2 potions of flight
Comestibles
 g - 7 bread rations
 p - 2 slices of pizza
 w - 5 fruits


   Skills:
 + Level 4.8 Fighting
 + Level 7.3 Short Blades
 + Level 4.4 Throwing
 + Level 8.0 Dodging
 + Level 12.0 Stealth


You had 8 spell levels left.
You didn't know any spells.

Dungeon Overview and Level Annotations

Branches:
Dungeon (8/15)             Temple (1/1) D:7
   Lair: D:8-11

Altars:
Ashenzari
Cheibriados
Dithmenos
Elyvilon
Fedhas
Gozag
Hepliaklqana
Kikubaaqudgha
Makhleb
Nemelex Xobeh
Okawaru
Pakellas
Qazlal
Ru
Sif Muna
Trog
Uskayaw
Vehumet
Xom
Yredelemnul
Zin
The Shining One

Shops:
D:7 !


Innate Abilities, Weirdness & Mutations

You are tiny and cannot use many weapons and most armour.
You have supernaturally acute eyesight. (SInv)
You are a herbivore.
You cover ground extremely quickly.
You need consume almost no food.


Message History

You hit the yak but do no damage.
The yak looks as sick as possible!
The yak is almost dead.
The yak gores you!
You take 15 damage, and have 15/46 hp.
MASSIVE DAMAGE!!
Unknown command.
You hit the yak but do no damage.
The yak is almost dead.
The yak gores you!
* * * LOW HITPOINT WARNING * * *
You take 10 damage, and have 5/46 hp.
MASSIVE DAMAGE!!
You kill the yak!
Your Dodging skill increases to level 8!
Your Stealth skill increases to level 12!
An ice beast comes into view.
A polar bear comes into view.
An electric eel comes into view.
The electric eel shoots out a bolt of lightning at you!
The bolt of electricity hits you!
You die...
Your body crumbles into a pile of gold.

#..Y.....#...≈≈≈≈..#......
##.####Y.#...≈≈≈≈≈.#......
≈≈. #..#...;.≈≈≈.#..##..
≈.... #..#..≈..≈≈≈.##.....
≈.h§§.≈#....≈≈≈..≈≈.##.....
§§§.......≈....≈≈.#......
...§≈###..≈≈.∩..≈....#...
...≈≈ #..≈≈....≈...####.
≈.≈≈ #@..≈...≈≈..## # #.##
##.≈..∩.≈≈.# #. .≈≈...≈..
..≈≈..... $ ..≈≈..≈..
.....≈≈ ...≈≈≈. #..≈≈≈.


You could see an ice beast and an electric eel.

Vanquished Creatures
  A queen bee (D:7)
  Prince Ribbit (D:7)
  A yak (D:8)
  A hippogriff (D:7)
  Menkaure (D:4)
  Edmund (D:5)
  Duvessa (D:5)
  2 orc warriors
  2 wolves (D:8)
  2 ogres
  3 giant frogs
  Dowan (D:5)
  3 killer bees (D:7)
  A howler monkey (D:4)
  A crimson imp (D:7)
  3 hounds
  A quasit (D:7)
  A gnoll shaman (D:4)
  2 giant frog skeletons
  7 orc wizards
  2 orc priests (D:7)
  Jessica (D:2)
  A howler monkey zombie (D:7)
  A worker ant zombie (D:6)
  5 gnolls
  8 adders
  A shadow imp (D:6)
  An ufetubus (D:8)
  4 worms
  4 giant geckos
  22 orcs
  10 bats
  4 giant cockroaches
  5 goblins
  9 hobgoblins
  7 jackals
  2 quokkas
  9 giant newts
  6 kobolds
  12 rats
150 creatures vanquished.

Notes
Turn   | Place    | Note
-------+----------+-------------------------------------------
     0 | D:1      | mistymad the Spriggan Assassin began the quest for the Orb.
     0 | D:1      | Reached XP level 1. HP: 10/10 MP: 2/2
    73 | D:1      | Reached skill level 6 in Stealth
   182 | D:1      | Reached XP level 2. HP: 10/14 MP: 3/3
   373 | D:1      | Reached skill level 7 in Stealth
   529 | D:1      | Reached XP level 3. HP: 15/18 MP: 4/4
   782 | D:2      | Found a faded altar of an unknown god.
  1139 | D:2      | Noticed Jessica
  1158 | D:2      | Killed Jessica
  1158 | D:2      | Reached XP level 4. HP: 20/22 MP: 5/5
  1203 | D:2      | Reached skill level 8 in Stealth
  1674 | D:3      | Reached XP level 5. HP: 24/25 MP: 6/6
  2266 | D:4      | Noticed Menkaure
  2273 | D:4      | Killed Menkaure
  2273 | D:4      | Reached XP level 6. HP: 30/30 MP: 7/7
  2279 | D:4      | Reached skill level 9 in Stealth
  2482 | D:4      | Noticed an orc warrior
  2640 | D:3      | Killed an orc warrior
  2640 | D:3      | Reached skill level 5 in Short Blades
  2640 | D:3      | Reached XP level 7. HP: 24/35 MP: 8/8
  3236 | D:5      | Entered Level 5 of the Dungeon
  3451 | D:5      | Noticed Edmund
  3498 | D:5      | Killed Edmund
  3498 | D:5      | Reached skill level 10 in Stealth
  3923 | D:5      | Found an oddly glowing altar of Pakellas.
  3976 | D:5      | Reached skill level 5 in Dodging
  4023 | D:5      | Noticed Duvessa
  4023 | D:5      | Noticed Dowan
  4032 | D:5      | Killed Duvessa
  4033 | D:5      | Killed Dowan
  4377 | D:6      | Reached XP level 8. HP: 40/40 MP: 9/9
  5172 | D:7      | Found a staircase to the Ecumenical Temple.
  5190 | Temple   | Entered the Ecumenical Temple
  5204 | Temple   | Became a worshipper of Gozag Ym Sagoz the Greedy
  5276 | D:7      | Found Rathreole's Distillery.
  5296 | D:7      | Bought a potion of invisibility for 120 gold pieces
  5303 | D:7      | Noticed Prince Ribbit
  5345 | D:7      | Killed Prince Ribbit
  5345 | D:7      | Reached skill level 11 in Stealth
  5904 | D:8      | Noticed a queen bee
  5921 | D:7      | Reached XP level 9. HP: 23/45 MP: 10/10
  6200 | D:7      | Killed a queen bee
  6504 | D:8      | Noticed a polar bear
  6516 | D:8      | Noticed a polar bear
  6590 | D:8      | Reached skill level 12 in Stealth
  6593 | D:8      | Noticed a polar bear
  6604 | D:8      | Killed from afar by an electric eel

Vault maps used:
D:1:      dpeg_arrival_round_a
D:2:      ecumenical_altar_1, uniq_jessica
D:3:      serial_glass, glass_columns_c, glass_columns_b
D:4:      grunt_decor_arrowhead, uniq_menkaure
D:5:      grunt_pakellas_mercury, first_bread, uniq_edmund, uniq_duvessa
D:7:      serial_shops, nicolae_shop_behind_doors, uniq_prince_ribbit1
D:8:      serial_ice, serial_ice_m, serial_ice_g, serial_ice_o, serial_ice_i,
          serial_ice_f, david_nohive_1, uniq_grum
Temple:   compressed_dpeg_circular_temple

Skill      XL: |  1  2  3  4  5  6  7  8  9 |
---------------+----------------------------+-----
Stealth        | 6 7 8 9 10 11 12 | 12.0
Short Blades   | 3 4 5 6 7 |  7.3
Fighting       | 2 3 4 |  4.8
Dodging        | 2 3 5 7 8 |  8.0
Throwing       | 3 4 |  4.4

Action                   |  1- 3 |  4- 6 |  7- 9 || total
-------------------------+-------+-------+-------++-------
Melee: Dagger            |   141 |   144 |   223 ||   508
 Fire: Blowgun           |       |    14 |    37 ||    51
Evoke: Wand              |     3 |     1 |     3 ||     7
  Use: Potion            |     4 |       |     5 ||     9
       Scroll            |       |     8 |    11 ||    19
 Stab: Sleeping          |    15 |    22 |    23 ||    60
       Confused          |     2 |     1 |       ||     3
       Distracted        |       |     1 |     2 ||     3
  Eat: Pizza             |       |       |     1 ||     1
Armor: Robe              |    15 |    13 |     6 ||    34
       Skin              |     6 |       |    22 ||    28
Dodge: Dodged            |    63 |    79 |   164 ||   306
